 Dungeon Crawl Stone Soup version 0.26-a0-658-gbdda728c12 (webtiles) character file.

Game seed: 2121313449752558528

50037 marklar909 the Unseen (level 14, -16/90 HPs)
             Began as a Kobold Enchanter on Oct 5, 2020.
             Was a High Priest of Dithmenos.
             Demolished by boltboy's ghost (17 damage)
             ... on level 1 of the Orcish Mines.
             The game lasted 00:50:30 (24966 turns).

marklar909 the Unseen (Kobold Enchanter)           Turns: 24966, Time: 00:50:30

Health: -16/90     AC: 15    Str:  8    XL:     14   Next: 95%
Magic:  0/34       EV: 20    Int: 18    God:    Dithmenos [*****.]
Gold:   1787       SH:  7    Dex: 20    Spells: 20/28 levels left

rFire    . . .     SeeInvis +   m - +1 short sword of Pain and Death {drain, rC+ Dex+4 SInv}
rCold    + . .     Faith    .   h - +0 buckler
rNeg     . . .     Spirit   +   L - +1 troll leather armour
rPois    .         Reflect  .   R - +1 helmet
rElec    .         Harm     .   k - +2 cloak {rCorr}
rCorr    +         Rampage  .   r - +1 pair of gloves
MR       .....                  s - +1 pair of boots
Stlth    ++++++++++             W - amulet of guardian spirit
HPRegen  0.65/turn              u - ring of magical power
MPRegen  0.24/turn              (no ring)

@: confusing touch, vulnerable, wreathed by umbra
A: small, nightstalker 3
a: Shadow Step, Shadow Form, Renounce Religion


You were on level 1 of the Orcish Mines.
You worshipped Dithmenos.
Dithmenos was extremely pleased with you.
You visited 4 branches of the dungeon, and saw 19 of its levels.
You also visited: Ossuary and Volcano.

You collected 1787 gold pieces.

Inventory:

Hand Weapons
 d - a +3 dagger of venom
 m - the +1 short sword of Pain and Death (weapon) {drain, rC+ Dex+4 SInv}
   (You found it on level 6 of the Lair of Beasts)

   A truly terrible weapon, it drains the life of those it strikes.
   It affects your dexterity (+4).
   It protects you from cold.
   It lets you see invisible.
 w - a +1 arbalest of freezing
Missiles
 g - 71 poisoned darts (quivered)
Armour
 h - a +0 buckler (worn)
 k - a +2 cloak of preservation (worn)
 r - a +1 pair of gloves (worn)
 s - a +1 pair of boots (worn)
 L - a +1 troll leather armour (worn)
 P - a +2 leather armour of fire resistance
 R - a +1 helmet (worn)
Jewellery
 u - a ring of magical power (left hand)
 D - an uncursed amulet of regeneration
 W - an amulet of guardian spirit (around neck)
Wands
 o - a wand of flame (54)
 v - a wand of enslavement (16)
 y - a wand of polymorph (5)
 B - a wand of iceblast (70)
 G - a wand of disintegration (8)
 Q - a wand of random effects (57)
 S - a wand of acid (9)
 U - a wand of paralysis (13)
Scrolls
 c - 3 scrolls of identify
 e - 13 scrolls of teleportation
 j - 7 scrolls of remove curse
 l - 2 scrolls of amnesia
 n - a scroll of fog
 z - a scroll of silence {unknown}
 C - 4 scrolls of blinking
 I - a scroll of acquirement {unknown}
 K - a scroll of fear
 M - a scroll of enchant weapon
 X - a scroll of magic mapping
Potions
 a - 4 potions of brilliance
 b - 2 potions of stabbing
 f - 6 potions of lignification
 i - 8 potions of curing
 p - 5 potions of flight
 q - 5 potions of invisibility
 t - a potion of mutation
 x - 3 potions of cancellation
 A - 2 potions of resistance
 F - 4 potions of might
 H - a potion of magic {unknown}
 J - a potion of heal wounds
 N - a potion of ambrosia {unknown}
 T - 2 potions of haste
 V - 2 potions of berserk rage {unknown}
Miscellaneous
 E - a condenser vane (1/2)


   Skills:
 * Level 11.2 Fighting
 + Level 9.2 Short Blades
 + Level 0.9 Throwing
 + Level 5.2 Armour
 + Level 7.5 Dodging
 + Level 16.6 Stealth
 + Level 6.2 Shields
 + Level 7.6 Spellcasting
 + Level 1.2 Conjurations
 * Level 11.2 Hexes
 + Level 4.5 Ice Magic
 + Level 2.4 Evocations


You had 20 spell levels left.
You knew the following spells:

 Your Spells              Type           Power        Failure   Level
a - Dazzling Flash        Conj/Hex       ####..       3%          3
b - Ensorcelled Hibernat  Hex/Ice        #####.       1%          2
c - Confusing Touch       Hex            #####...     1%          3

Your spell library contained the following spells:

 Spells                   Type           Power        Failure   Level
 Corona                   Hex            #####..      1%          1
 Tukima's Dance           Hex            #####...     1%          3
 Animate Skeleton         Necr           #.....       14%         1
 Beastly Appendage        Tmut           #.....       14%         1
 Pain                     Necr           #...         14%         1
 Wereblood                Tmut           #.......     22%         2
 Spider Form              Tmut/Pois      #.........   38%         3
 Vampiric Draining        Necr           #.........   38%         3
 Ice Form                 Ice/Tmut       ###.....     47%         4
 Animate Dead             Necr           #.........   80%         4
 Iskenderun's Battlesphe  Conj           ##......     93%         5
 Bolt of Magma            Conj/Fire/Erth #.........   97%         5
 Agony                    Necr           #.......     98%         5
 Blade Hands              Tmut           #.........   98%         5
 Iron Shot                Conj/Erth      #.........   100%        6
 Orb of Destruction       Conj           ##........   100%        7
 Spellforged Servitor     Conj/Summ      #.........   100%        7
 Chain Lightning          Conj/Air       #.........   100%        8
 Lehudib's Crystal Spear  Conj/Erth      #.........   100%        8
 Absolute Zero            Ice            ###.......   100%        9
 Fire Storm               Conj/Fire      #.........   100%        9


Dungeon Overview and Level Annotations

Branches:
Dungeon (11/15)            Temple (1/1) D:7            Lair (6/6) D:11
  Swamp (0/4) Lair:4        Snake (0/4) Lair:3        Slime (0/5) Lair:5
    Orc (1/2) D:10        Ossuary (visited)         Volcano (visited)

Altars:
Ashenzari
Cheibriados
Dithmenos
Elyvilon
Fedhas
Gozag
Hepliaklqana
Kikubaaqudgha
Makhleb
Nemelex Xobeh
Okawaru
Qazlal
Ru
Sif Muna
Trog
Uskayaw
Vehumet
Wu Jian
Xom
Yredelemnul
Zin
The Shining One
Beogh

Shops:
D:8 (((   Orc:1 *

Annotations:
D:8 3 runed translucent doors, Gastronok; jiml777's ghost, novice GnWr
Orc:1 boltboy's ghost, journeyman MiFi


Innate Abilities, Weirdness & Mutations

You are small and have problems with some larger weapons.
You are completely attuned to the shadows.


Message History

Boltboy's ghost is lightly damaged.
Boltboy's ghost is no longer covered in acid.
Boltboy's ghost hits you!!
* * * LOW HITPOINT WARNING * * *
You barely miss boltboy's ghost.
Boltboy's ghost is lightly damaged.
Boltboy's ghost shrieks, "Death is your only future!"
Boltboy's ghost hits you but does no damage.
Unknown command.
Press: ? - help, v - describe, . - travel
Here: boltboy's ghost, wielding a weapon of electrocution (lightly damaged, susceptible to hostile enchantments, chance to confuse on hit: 49%, umbra)
The floor, spattered with blood.
You hit boltboy's ghost but do no damage.
Boltboy's ghost is lightly damaged.
You hit boltboy's ghost but do no damage.
Boltboy's ghost is lightly damaged.
Boltboy's ghost hits you!!
* * * LOW HITPOINT WARNING * * *
You are electrocuted!
You die...

##.)........>....#.........#.###
#.................#...........#
..................#.##.....#.##
.......#...................###
..).........................#
......#............(##.....##
....................###....##
....8..........)#W.## ##....#
..8...8..8......@..# #....##
.........)..).....######.....#
...........))>.....##.###.#.##
..8...8...)#).....##...######
.........8)#...#.##.#.## ##.##
......)....#.#.###....####...#
..8...8....#............#....#
.........8.#.#..............##
.......)...#.................##


You could see boltboy's ghost (vulnerable).

Vanquished Creatures
  A dire elephant (Lair:6)
  An ettin (Orc:1)
  A great orb of eyes (D:9)
  Harold (D:7)
  Fannar (D:11)
  3 hydras
  A catoblepas (Lair:6)
  A dancing weapon (Volcano)
  A deep troll shaman (Lair:6)
  7 death yaks
  An orc high priest (Orc:1)
  Sonja (Orc:1)
  5 wizards (Volcano)
  An orc knight (Orc:1)
  A manticore (D:11)
  An orc sorcerer (Orc:1)
  5 toenail golems (Volcano)
  Maurice (D:8)
  13 elephants
  2 black mambas
  9 cane toads
  A torpor snail (Lair:6)
  3 rime drakes
  5 komodo dragons
  2 freezing wraiths (D:9)
  2 ice devils
  6 polar bears
  3 trolls
  Prince Ribbit (D:7)
  A hornet (D:9)
  9 blink frogs
  13 dream sheep (Lair:6)
  3 bog bodies (Lair:4)
  A tarantella (D:11)
  2 wraiths (Ossuary)
  A wyvern (D:8)
  3 fire bats (Lair:1)
  10 yaks
  2 basilisks
  A golden eye (D:11)
  A vampire mosquito (D:9)
  Edmund (D:4)
  A swamp worm (Lair:4)
  Menkaure (D:4)
  A warg (Orc:1)
  18 water moccasins
  13 orc warriors
  3 ice beasts
  2 hornet zombies
  A necrophage (D:11)
  8 black bears
  An eye of draining (D:10)
  A phantom (D:9)
  20 wolves
  8 ogres
  5 centaurs
  A big kobold (D:9)
  13 bullfrogs
  A gnoll sergeant (D:9)
  7 wights
  2 howler monkeys
  4 electric eels
  A centaur zombie (Ossuary)
  8 jellies
  A centaur skeleton (D:5)
  14 hounds
  2 orc priests (D:11)
  2 bullfrog skeletons
  5 iguanas
  11 orc wizards
  Natasha (thrice) (D:3)
  7 hell rats (Lair:4)
  9 worker ants
  2 killer bee zombies (D:7)
  2 hound skeletons
  A howler monkey zombie (D:8)
  13 gnolls
  A howler monkey skeleton (D:3)
  16 adders
  A shadow imp (D:9)
  A white imp (D:10)
  2 oozes (Lair:5)
  An adder skeleton (D:6)
  3 adder zombies
  A dart slug (D:2)
  7 leopard geckos
  38 orcs
  3 ball pythons
  3 giant cockroaches
  9 goblins
  11 hobgoblins
  7 jackals (D:1)
  7 kobolds
  3 quokkas
  9 bats
  3 frilled lizards
  A goblin zombie (D:7)
  A hobgoblin skeleton (Ossuary)
  3 hobgoblin zombies (Ossuary)
  A leopard gecko skeleton (D:4)
  An orc zombie (Ossuary)
  12 rats
  A rat zombie (D:7)
467 creatures vanquished.

Vanquished Creatures (collateral kills)
  2 kobolds (D:9)
2 creatures vanquished.

Vanquished Creatures (others)
  A polar bear (Lair:5)
  3 kobolds (D:9)
  33 fungi
  40 plants
77 creatures vanquished.

Grand Total: 546 creatures vanquished

Notes
Turn   | Place    | Note
-------+----------+-------------------------------------------
     0 | D:1      | marklar909 the Kobold Enchanter began the quest for the
                  | Orb.
     0 | D:1      | Reached XP level 1. HP: 10/10 MP: 3/3
   247 | D:1      | Reached XP level 2. HP: 15/15 MP: 5/5
   694 | D:1      | Reached XP level 3. HP: 13/19 MP: 6/6
   700 | D:1      | Learned a level 2 spell: Ensorcelled Hibernation
   704 | D:1      | Learned a level 3 spell: Confusing Touch
  1498 | D:2      | Found a sacrificial altar of Ru.
  1508 | D:2      | Reached skill level 1 in Fighting
  1734 | D:2      | Reached XP level 4. HP: 25/25 MP: 7/7
  2303 | D:3      | Noticed Natasha
  2310 | D:3      | Killed Natasha
  2310 | D:3      | Reached skill level 1 in Shields
  2310 | D:3      | Reached XP level 5. HP: 27/29 MP: 1/8
  2510 | D:3      | Reached skill level 5 in Stealth
  2799 | D:3      | Noticed Natasha
  2809 | D:3      | Killed Natasha
  2887 | D:3      | Reached XP level 6. HP: 35/35 MP: 9/9
  3564 | D:3      | Noticed Natasha
  3572 | D:3      | Killed Natasha
  3820 | D:4      | Reached skill level 6 in Stealth
  3820 | D:4      | Reached XP level 7. HP: 40/40 MP: 11/11
  4212 | D:4      | Noticed Menkaure
  4215 | D:4      | Killed Menkaure
  4289 | D:4      | Reached skill level 1 in Ice Magic
  4384 | D:4      | Noticed Edmund
  4407 | D:4      | Killed Edmund
  4407 | D:4      | Reached skill level 1 in Armour
  4653 | D:4      | Reached XP level 8. HP: 44/46 MP: 3/12
  4801 | D:5      | Entered Level 5 of the Dungeon
  4917 | D:5      | Found a blossoming altar of Fedhas.
  4972 | D:5      | Found a shimmering altar of Xom.
  6333 | D:4      | Got an ancient dagger
  6354 | D:4      | Identified the +0 dagger of Scorn {vamp, Str+3 Int-5} (You
                  | found it on level 4 of the Dungeon)
  6430 | D:6      | Learned a level 3 spell: Dazzling Flash
  6508 | D:6      | Reached skill level 7 in Stealth
  6793 | D:6      | Reached XP level 9. HP: 52/52 MP: 11/14
  7001 | D:6      | Reached skill level 5 in Hexes
  7383 | D:6      | Reached skill level 8 in Stealth
  7616 | D:7      | Found a staircase to the Ecumenical Temple.
  7734 | D:7      | Found a sand-covered staircase.
  7758 | Ossuary  | Entered an ossuary
  8229 | Temple   | Entered the Ecumenical Temple
  8372 | Temple   | Became a worshipper of Dithmenos the Shadowed
  8476 | D:7      | Noticed Prince Ribbit
  8512 | D:7      | Killed Prince Ribbit
  8512 | D:7      | Reached skill level 9 in Stealth
  8671 | D:7      | Found a broken altar of Ashenzari.
  8697 | D:7      | Found a basalt altar of Yredelemnul.
  8700 | D:7      | Found a sparkling altar of Nemelex Xobeh.
  8713 | D:7      | Found a bloodstained altar of Trog.
  8973 | D:7      | Noticed Harold
  8980 | D:7      | Killed Harold
  8980 | D:7      | Reached skill level 5 in Fighting
  8980 | D:7      | Reached XP level 10. HP: 40/59 MP: 16/16
  9343 | D:8      | Found a white marble altar of Elyvilon.
  9363 | D:8      | Noticed Gastronok
  9433 | D:8      | Noticed a tengu warrior
  9453 | D:8      | Noticed Maurice
  9458 | D:8      | Killed Maurice
  9458 | D:8      | Reached skill level 10 in Stealth
  9504 | D:8      | Found a runed translucent gate.
  9504 | D:8      | Found a runed translucent gate.
  9505 | D:8      | Found a runed translucent gate.
  9554 | D:8      | Reached skill level 5 in Short Blades
  9558 | D:8      | Found Duem's Antique Weapon Boutique.
  9649 | D:8      | Found Baqounee's Antique Weapon Emporium.
  9726 | D:8      | Found Yntudeh's Gadget Shop.
  9729 | D:8      | Found Pisoex's Weapon Emporium.
 10021 | D:8      | Noticed jiml777's ghost (novice GnWr)
 10315 | D:9      | Found a hide-covered altar of Uskayaw.
 10535 | D:9      | Reached * piety under Dithmenos
 10834 | D:9      | Noticed a freezing wraith
 10835 | D:9      | Found a large runed translucent door.
 10835 | D:9      | Noticed an eight-headed hydra
 10836 | D:9      | Found a large runed translucent door.
 11175 | D:9      | Killed a freezing wraith
 11398 | D:9      | Reached skill level 5 in Spellcasting
 11398 | D:9      | Reached skill level 1 in Evocations
 11572 | D:9      | Killed an eight-headed hydra
 11572 | D:9      | Reached XP level 11. HP: 46/66 MP: 15/18
 11914 | D:9      | Found an ornate altar of the Wu Jian Council.
 11914 | D:9      | Noticed a great orb of eyes
 11919 | D:9      | Killed a great orb of eyes
 11919 | D:9      | Reached skill level 11 in Stealth
 11950 | D:9      | Found a hazy altar of Hepliaklqana.
 11991 | D:10     | Entered Level 10 of the Dungeon
 12170 | D:10     | Noticed a death knight
 12171 | D:10     | Noticed a phantasmal warrior
 12397 | D:10     | Found a staircase to the Orcish Mines.
 12623 | D:10     | Reached ** piety under Dithmenos
 12623 | D:10     | Reached skill level 5 in Dodging
 13950 | D:11     | Found a staircase to the Lair.
 13952 | D:11     | Noticed a manticore
 13969 | D:11     | Killed a manticore
 13969 | D:11     | Reached skill level 5 in Shields
 14237 | D:11     | Noticed Fannar
 14247 | D:11     | Killed Fannar
 14569 | D:11     | Reached XP level 12. HP: 55/72 MP: 15/20
 14723 | D:11     | Reached skill level 12 in Stealth
 15070 | Lair:1   | Entered Level 1 of the Lair of Beasts
 15483 | Lair:1   | Found a dark tunnel.
 15494 | Volcano  | Entered a volcano
 15496 | Volcano  | Noticed a wizard
 15499 | Volcano  | Killed a wizard
 15499 | Volcano  | Reached *** piety under Dithmenos
 15530 | Volcano  | Noticed a wizard
 15534 | Volcano  | Killed a wizard
 15729 | Volcano  | Reached skill level 13 in Stealth
 15898 | Volcano  | Noticed a +1 mace of flaming
 15921 | Volcano  | Killed a +1 mace of flaming
 16126 | Volcano  | Noticed a wizard
 16128 | Volcano  | Killed a wizard
 16137 | Volcano  | Noticed a wizard
 16140 | Volcano  | Killed a wizard
 16746 | Lair:2   | Reached XP level 13. HP: 80/80 MP: 19/22
 17565 | Lair:3   | Found a staircase to the Snake Pit.
 17897 | Lair:3   | Reached skill level 14 in Stealth
 17978 | Lair:3   | Reached **** piety under Dithmenos
 18323 | Lair:3   | Reached skill level 5 in Armour
 19054 | Lair:4   | Noticed a seven-headed hydra
 19058 | Lair:4   | Killed a seven-headed hydra
 19180 | Lair:4   | Reached skill level 10 in Hexes
 19678 | Lair:4   | You fall into a shaft and drop 2 floors!
 19678 | Lair:6   | Entered Level 6 of the Lair of Beasts
 19899 | Lair:5   | Reached ***** piety under Dithmenos
 19899 | Lair:5   | Reached skill level 10 in Fighting
 20021 | Lair:5   | Reached skill level 15 in Stealth
 20406 | Lair:4   | Found a staircase to the Swamp.
 20662 | Lair:5   | Reached XP level 14. HP: 88/88 MP: 24/24
 20778 | Lair:5   | Found a staircase to the Slime Pits.
 21818 | Lair:6   | Reached skill level 1 in Conjurations
 22393 | Lair:6   | Reached skill level 16 in Stealth
 22895 | Lair:6   | Noticed a dire elephant
 23093 | Lair:6   | Got a crystal short sword
 23094 | Lair:6   | Identified the +1 short sword of Pain and Death {drain, rC+
                  | Dex+4 SInv} (You found it on level 6 of the Lair of Beasts)
 23367 | Lair:6   | Killed a dire elephant
 23868 | Orc:1    | Entered Level 1 of the Orcish Mines
 23918 | Orc:1    | Found a transporter.
 23925 | Orc:1    | Found a transporter.
 23925 | Orc:1    | Noticed boltboy's ghost (journeyman MiFi)
 24209 | Orc:1    | Noticed Sonja
 24211 | Orc:1    | Killed Sonja
 24230 | Orc:1    | Found Fuk Huyf's Mayhem Merchandise.
 24371 | Orc:1    | Found a roughly hewn altar of Beogh.
 24966 | Orc:1    | HP: 1/90 [boltboy's ghost (16)]
 24966 | Orc:1    | Demolished by boltboy's ghost

Illustrated notes

Levels and vault maps discovered:
D:1:      dpeg_arrival_simpleton_a, layout_loops_cross,
          minmay_misc_feat_secret_circle, nrook_mini_backslash
D:2:      layout_loops_ring, nicolae_ru_awakened_eye
D:3:      layout_basic, uniq_natasha
D:4:      layout_basic, chequers_arboretum, uniq_menkaure, uniq_edmund
D:5:      layout_gridville, fedhas_altar_3, kennysheep_mini_moat
D:6:      layout_loops_ring, minivault_10, grunt_decor_fettered,
          kennysheep_nondescript
D:7:      layout_gridville, grunt_temple_overflow_cloverleaf,
          minmay_temple_entry_hall, enter_ossuary_4, uniq_harold,
          uniq_prince_ribbit1
D:8:      layout_rooms, elyvilon_altar_1, serial_shops,
          nicolae_shop_overgrown_old_shop, shop, shop, nicolae_shop_stone,
          gammafunk_ghost_split, uniq_maurice, uniq_gastronok
D:9:      layout_cave_pools, nicolae_overflow_crystal_walls,
          jmf_multi_god_temple2
D:10:     layout_loops_corners, david_orc_2
D:11:     layout_long_grid, erik_lair_island, portal_ice_cave_demonic_guard,
          uniq_fannar
Temple:   zaba_magenta_temple
Lair:1:   layout_chaotic_city, nicolae_volcano_entry_batcave, st_stairs_12,
          grunt_megastairs_3
Lair:2:   beast_lair_carwin_large_1, layout_chaotic_city, serial_bayou_shore_a
Lair:3:   layout_gridlike, minmay_snake_entry_six_corridors, beast_lair_carwin_5
Lair:4:   layout_cave_pods, nicolae_swamp_entry_splash_gauntlet,
          cheibrodos_lair_reptile_den
Lair:5:   layout_roguey, nicolae_slime_entry_slimehenge,
          infiniplex_staircase_pool
Lair:6:   grunt_lair_end_beastmaster, layout_loops_ring
Orc:1:    layout_caves, gammafunk_ghost_arena, minmay_shop_mayhem,
          bh_open_orc_temple, uniq_sonja

Skill      XL: |  1  2  3  4  5  6  7  8  9 10 11 12 13 14 |
---------------+-------------------------------------------+-----
Fighting       | 1 2 3 4 5 6 7 8 10 11 | 11.2
Short Blades   | 2 3 4 5 6 7 8 9 |  9.2
Dodging        | 3 4 5 6 7 |  7.5
Shields        | 1 2 3 4 5 6 |  6.2
Stealth        | 5 6 7 9 10 11 13 15 16 | 16.6
Ice Magic      | 1 2 3 4 |  4.5
Armour         | 1 2 3 4 5 |  5.2
Hexes          | 4 6 7 8 9 10 11 | 11.2
Spellcasting   | 3 4 5 6 7 |  7.6
Evocations     | 1 2 |  2.4
Conjurations   | 1 |  1.2
Throwing       | |  0.9

Action                   |  1- 3 |  4- 6 |  7- 9 | 10-12 | 13-15 || total
-------------------------+-------+-------+-------+-------+-------++-------
Melee: Dagger            |    57 |    95 |   182 |   727 |   688 ||  1749
       Short sword       |       |       |       |       |   202 ||   202
Throw: Dart              |       |       |       |     7 |       ||     7
 Cast: Corona            |     4 |     1 |       |       |       ||     5
       Ensorcelled Hiber |     3 |    10 |    25 |    31 |    50 ||   119
       Confusing Touch   |       |     4 |     7 |    26 |    55 ||    92
       Dazzling Flash    |       |       |       |     1 |    36 ||    37
Evoke: Wand              |       |       |     2 |    23 |     3 ||    28
       Condenser vane    |       |       |       |       |     1 ||     1
  Use: Scroll            |       |     4 |     7 |     6 |    15 ||    32
       Potion            |       |       |     1 |       |     3 ||     4
 Stab: Sleeping          |    18 |    30 |    41 |    67 |    98 ||   254
       Confused          |       |     3 |     7 |    27 |    58 ||    95
       Distracted        |       |       |     2 |     2 |       ||     4
       Invisible         |       |       |       |       |     9 ||     9
Armor: Robe              |     2 |    11 |       |       |       ||    13
       Leather armour    |       |     5 |    21 |    14 |       ||    40
       Troll leather arm |       |       |       |    94 |   134 ||   228
Dodge: Dodged            |    30 |    57 |   100 |   336 |   577 ||  1100
Block: Buckler           |       |       |    19 |   127 |   235 ||   381

Table legend: (Time is in decaauts)
 A = Elapsed time spent in this place.
 B = Non-inter-level travel time spent in this place.
 C = Inter-level travel time spent in this place.
 D = Time resting spent in this place.
 E = Time spent auto-exploring this place.
 F = Levels seen in this place.
 G = Mean time per level.
                   A        B        C        D        E       F      G
               +--------+--------+--------+--------+--------+-----+--------+
         Total |  24417 |  22387 |   2030 |   2496 |  15234 |  21 | 1162.7 |
       Dungeon |  14444 |  13160 |   1284 |   2028 |   8864 |  11 | 1313.1 |
        Temple |    157 |     85 |     72 |      0 |     83 |   1 |  157.0 |
          Lair |   7802 |   7192 |    610 |    369 |   5427 |   6 | 1300.3 |
  Orcish Mines |   1037 |    975 |     62 |      4 |    569 |   1 | 1037.0 |
       Ossuary |    388 |    388 |      0 |      8 |    203 |   1 |  388.0 |
       Volcano |    586 |    586 |      0 |     87 |     87 |   1 |  586.0 |
               +--------+--------+--------+--------+--------+-----+--------+

Top non-repeatable levels by time:
  Lair:6: 2160 daAuts
    D:11: 1571 daAuts
     D:5: 1531 daAuts
     D:8: 1507 daAuts
    D:10: 1493 daAuts
  Lair:4: 1424 daAuts
     D:3: 1379 daAuts
     D:1: 1331 daAuts
     D:7: 1315 daAuts
  Lair:3: 1238 daAuts
     D:4: 1224 daAuts
  Lair:5: 1177 daAuts
     D:9: 1140 daAuts
   Orc:1: 1037 daAuts
     D:6: 1020 daAuts
